 Dungeon Crawl Stone Soup version 0.31-a0-177-g4aa6249778 (webtiles) character file.

Game seed: 16315464042753433928

198 qw the Chopper (level 5, -5/33 HPs)
             Began as a Gargoyle Fighter on June 18, 2023.
             Slain by a lemure (7 damage)
             ... led by Pikel
             ... on level 4 of the Dungeon.
             The game lasted 00:01:27 (2427 turns).

qw the Chopper (Gargoyle Fighter)                   Turns: 2427, Time: 00:01:27

Health: -5/33      AC: 19    Str: 21    XL:     5   Next: 76%
Magic:  5/5        EV:  5    Int:  9    God:
Gold:   41         SH:  4    Dex:  9    Spells: 4/4 levels left

rFire   . . .        Y - +2 war axe
rCold   . . .        c - +0 buckler
rNeg    + . .        k - +0 plate armour
rPois   inf          (no helmet)
rElec   +            b - +2 cloak
rCorr   .            (no gloves)
SInv    .            h - +0 pair of boots
Will    .....        (no amulet) Stlth
                     (no ring)
HPRegen 0.25/turn    (no ring)
MPRegen 0.09/turn

%: no passive effects
@: about to teleport
A: sickness immunity, AC +4, negative energy resistance 1, electricity
resistance, torment resistance 1, petrification resistance
a: no special abilities


You were on level 4 of the Dungeon.
You visited 1 branch of the dungeon, and saw 4 of its levels.

You collected 93 gold pieces.
You spent 52 gold pieces at shops.


Innate Abilities, Weirdness & Mutations

You are immune to sickness and miasma.
Your stone body is resilient. (AC +4)
You are immune to poison.
You resist negative energy. (rN+)
You are resistant to electric shocks. (rElec)
You are resistant to unholy torment.
You are immune to petrification.


   Skills:
 + Level 3.7 Fighting
 - Level 5.0 Axes
 - Level 3.2 Armour
 - Level 3.2 Shields


You had 4 spell levels left.
You didn't know any spells.
Your spell library was empty.

Inventory:

Hand Weapons
 e - a +0 whip of venom
 Y - a +2 war axe (weapon)
Armour
 b - a +2 cloak (worn)
 c - a +0 buckler (worn)
 h - a +0 pair of boots (worn)
 k - a +0 plate armour (worn)
Scrolls
 g - a scroll of identify
 o - a scroll of teleportation
Potions
 a - 3 potions of curing
 d - a potion of might
 f - a potion of resistance
 i - 2 potions of mutation
 l - a potion of enlightenment
 m - a potion of cancellation
 r - a potion of heal wounds

Dungeon Overview and Level Annotations

Branches:
Dungeon (4/15)
 Temple: D:4-7

Altars:
Makhleb

Shops:
D:3 ?

Annotations:
D:4 Pikel


Message History

You closely miss the lemure.
The lemure is heavily wounded.
A scorpion comes into view.
An orc comes into view. It is wielding a +0 mace.
The lemure hits you.
A lemure comes into view.
The orc shouts!
You hit the lemure.
The lemure is heavily wounded.
The lemure hits you but does no damage. x2; The lemure hits you.
You slash the lemure!
The lemure is almost dead.
You closely miss the lemure. You hit the hobgoblin.
The hobgoblin hits you but does no damage.
You slash the hobgoblin!
You kill the hobgoblin!
You barely miss the lemure. You closely miss Pikel.
The lemure hits you but does no damage.
You closely miss the lemure.
The lemure is almost dead.
You completely miss the lemure. You slash Pikel!
Pikel hits you with a +2 whip of flaming.
Pikel burns you. The lemure hits you but does no damage. The lemure hits you.
The lemure hits you but does no damage. You block the lemure's attack.
Pikel hits you but does no damage.
You hit the lemure.
You kill the lemure!
That felt strangely unrewarding.
You hit the scorpion but do no damage. You barely miss the orc.
You hit the lemure. You closely miss Pikel.
The scorpion stings you but does no damage.
The lemure hits you but does no damage.
Pikel hits you with a +2 whip of flaming!
Pikel burns you. The orc hits you but does no damage.
The scorpion stings you but does no damage.
2427 ||| READING 2 scrolls of teleportation.
As you read the scroll of teleportation, it crumbles to dust.
You feel strangely unstable. The lemure barely misses you.
The orc hits you but does no damage. Pikel hits you but does no damage.
The lemure hits you!
You die...

## #..........
#.. #..........
#..###..........
..............#
.............
#.#.....#...
#..s........
#5@o<.# #5K##..#
#5## .## #.. ..
#... [.#
#.......
#...K.###
#...... #....5.#


You could see Pikel, 3 lemures, a scorpion and an orc.

Vanquished Creatures
  A lemure (D:4)
  Natasha (thrice) (D:3)
  4 adders (D:2)
  3 worms
  3 dart slugs (D:1)
  An orc (D:2)
  5 endoplasms
  9 goblins
  5 hobgoblins
  8 jackals
  7 kobolds
  9 ball pythons
  7 bats
  3 frilled lizards
  9 rats
77 creatures vanquished.

Notes
Turn   | Place    | Note
-------+----------+-------------------------------------------
     0 | D:1      | qw the Gargoyle Fighter began the quest for the Orb.
     0 | D:1      | Reached XP level 1. HP: 14/14 MP: 1/1
     0 | D:1      | 0 ||| qw: Version: 0.3-a-7-ge0c9b40
     0 | D:1      | 0 ||| qw: Game counter: 775
     0 | D:1      | 0 ||| qw: Always use a shield: true
     0 | D:1      | 0 ||| qw: God list: Okawaru
     0 | D:1      | 0 ||| qw: Allow faded altars: false
     0 | D:1      | 0 ||| qw: Do Orc after D:15 true
     0 | D:1      | 0 ||| qw: Do second Lair branch before Depths: true
     0 | D:1      | 0 ||| qw: Lair rune preference: random
     0 | D:1      | 0 ||| qw: Plans: Normal, Zot:1-4, Slime:5, God:TSO, Crypt,
                  | Tomb, Abyss, Pan, Hells, Win
     0 | D:1      | 0 ||| PLANNING D:1-11
    16 | D:1      | Reached skill level 2 in Axes
    74 | D:1      | 74 ||| Stepping ~*~*~tactically~*~*~ (hiding).
    81 | D:1      | Reached XP level 2. HP: 18/19 MP: 2/2
   231 | D:1      | 231 ||| Stepping ~*~*~tactically~*~*~ (hiding).
   389 | D:1      | Reached skill level 3 in Axes
   511 | D:1      | Reached XP level 3. HP: 23/23 MP: 3/3
   543 | D:1      | 543 ||| Stepping ~*~*~tactically~*~*~ (stealth).
   642 | D:1      | 642 ||| UPGRADING to +0 pair of boots.
   647 | D:1      | 647 ||| UPGRADING to +0 chain mail.
   657 | D:1      | 657 ||| DROPPING +0 scale mail.
   658 | D:1      | 658 ||| READING scroll labelled HOMOTOTUHICW.
   661 | D:1      | 661 ||| READING 2 scrolls labelled XOTAUN SUODOTE.
   662 | D:1      | 662 ||| READING scroll labelled WAARYNL UGUPNI.
   663 | D:1      | 663 ||| READING scroll labelled IDWUEZ OMANWI.
   774 | D:2      | Reached XP level 4. HP: 28/28 MP: 4/4
   916 | D:2      | 916 ||| Stepping ~*~*~tactically~*~*~ (hiding).
  1133 | D:2      | Reached skill level 4 in Axes
  1219 | D:2      | 1219 ||| Stepping ~*~*~tactically~*~*~ (stealth).
  1452 | D:2      | 1452 ||| READING scroll of enchant weapon.
  1452 | D:2      | 1452 ||| ENCHANTING +1 war axe.
  1555 | D:2      | 1555 ||| UPGRADING to +0 plate armour.
  1565 | D:2      | 1565 ||| DROPPING +0 chain mail.
  1566 | D:2      | 1566 ||| READING scroll labelled FEUTYN CIEKH.
  1567 | D:2      | 1567 ||| READING scroll labelled KACKES FIRCHITU.
  1568 | D:2      | 1568 ||| READING scroll labelled NOXUENIDDO.
  1569 | D:2      | 1569 ||| DRINKING 3 brown potions.
  1570 | D:2      | 1570 ||| DRINKING 2 metallic grey potions.
  1571 | D:2      | 1571 ||| READING 4 scrolls of identify.
  1571 | D:2      | 1571 ||| IDENTIFYING green potion
  1572 | D:2      | 1572 ||| READING 3 scrolls of identify.
  1572 | D:2      | 1572 ||| IDENTIFYING bubbling amethyst potion
  1573 | D:2      | 1573 ||| READING 2 scrolls of identify.
  1573 | D:2      | 1573 ||| IDENTIFYING cyan potion
  1603 | D:3      | Found Zotych's Magic Scroll Emporium.
  1613 | D:3      | 1613 ||| SHOPLISTING scroll of brand weapon (123 gold, have
                  | 77).
  1613 | D:3      | 1613 ||| BUYING scroll of identify (26 gold).
  1613 | D:3      | Bought a scroll of identify for 26 gold pieces
  1613 | D:3      | 1613 ||| BUYING scroll of identify (26 gold).
  1613 | D:3      | Bought a scroll of identify for 26 gold pieces
  1613 | D:3      | 1613 ||| SHOPLISTING scroll of identify (26 gold, have 25).
  1701 | D:3      | Found a burning altar of Makhleb.
  1855 | D:3      | Reached XP level 5. HP: 24/32 MP: 5/5
  1887 | D:3      | Noticed Natasha
  1900 | D:3      | Killed Natasha
  2189 | D:3      | Noticed Natasha
  2190 | D:3      | 2190 ||| Stepping ~*~*~tactically~*~*~ (hiding).
  2199 | D:3      | Killed Natasha
  2200 | D:3      | Reached skill level 5 in Axes
  2221 | D:3      | Noticed Natasha
  2222 | D:3      | 2222 ||| Stepping ~*~*~tactically~*~*~ (stealth).
  2229 | D:3      | Killed Natasha
  2341 | D:3      | 2341 ||| UPGRADING to +2 cloak.
  2346 | D:3      | 2346 ||| READING scroll labelled ZYULUBL WERI NUEN.
  2347 | D:3      | 2347 ||| READING scroll labelled LOOQIASYMM.
  2348 | D:3      | 2348 ||| READING scroll labelled DEUTIN MASOMUI.
  2349 | D:3      | 2349 ||| DRINKING 2 puce potions.
  2350 | D:3      | 2350 ||| READING 3 scrolls of identify.
  2350 | D:3      | 2350 ||| IDENTIFYING clear potion
  2351 | D:3      | 2351 ||| READING 2 scrolls of identify.
  2351 | D:3      | 2351 ||| IDENTIFYING white potion
  2352 | D:3      | 2352 ||| DROPPING potion of brilliance.
  2353 | D:3      | 2353 ||| DROPPING potion of invisibility.
  2411 | D:4      | 2411 ||| PLANNING OSSUARY
  2413 | D:4      | Noticed a lemure
  2413 | D:4      | Noticed a lemure
  2413 | D:4      | Noticed Pikel
  2415 | D:4      | Noticed a lemure
  2416 | D:4      | 2416 ||| Stepping ~*~*~tactically~*~*~ (stealth).
  2421 | D:4      | Noticed a lemure
  2426 | D:4      | Killed a lemure
  2426 | D:4      | HP: 5/33 [Pikel/+2 whip of flaming (10)]
  2426 | D:4      | HP: 2/33 [Pikel/+2 whip of flaming (3)]
  2427 | D:4      | 2427 ||| READING 2 scrolls of teleportation.
  2427 | D:4      | Slain by a lemure

Levels and vault maps discovered:
D:1:      lemuel_arrival_lava_pool, layout_rooms
D:2:      layout_basic, st_stairs_5, dk_vineyard_1, nicolae_figureground_sparkle
D:3:      layout_loops_ring, old_standard_altar,
          shapermc_ecumenical_altar_petra, serial_shops, shop, uniq_natasha
D:4:      layout_cave_pools, minmay_temple_entry_crystal_x,
          nicolae_ossuary_entry_giza, chequers_mini_garden,
          dreamdust_princess_corridor, kennysheep_nondescript,
          corexii_checkpoint_a, grunt_ministairs_1, st_stairs_4, uniq_ijyb,
          uniq_blork_the_orc, uniq_duvessa, uniq_pikel

Skill      XL: |  1  2  3  4  5 |
---------------+----------------+-----
Axes           | 2 3 4 5 |  5.0
Fighting       | |  3.7
Armour         | |  3.2
Shields        | |  3.2

Action                     |  1- 3 |  4- 6 || total
---------------------------+-------+-------++-------
  Melee: War axe           |   110 |   126 ||   236
    Use: Scroll            |     4 |    13 ||    17
         Potion            |       |     3 ||     3
 Armour: Scale mail        |    43 |       ||    43
         Chain mail        |    28 |    38 ||    66
         Plate armour      |       |    53 ||    53
  Dodge: Dodged            |    35 |    37 ||    72
  Block: Buckler           |    23 |    20 ||    43

Table legend:
 A = Non-vault XP
 B = Vault XP
 C = Vault XP percentage of total XP
 D = Non-vault monster count
 E = Vault monster count
 F = Vault count percentage of total count
                 A         B        C        D         E       F
            +---------+---------+-------+---------+---------+-------
      Total |     234 |      49 |  17.3 |      73 |       3 |   3.9
            +---------+---------+-------+---------+---------+-------
        D:1 |      48 |       0 |   0.0 |      28 |       0 |   0.0
        D:2 |      82 |      16 |  16.3 |      26 |       2 |   7.1
        D:3 |     102 |      33 |  24.4 |      18 |       1 |   5.3
        D:4 |       2 |       0 |   0.0 |       1 |       0 |   0.0
            +---------+---------+-------+---------+---------+-------
